AoeStats
← Natamoko

Oasis

509942947Analyzed
2v2 RM · 4d ago on Sep 28, 2026· 54m 44s· 4 players
Game mode
Random Map
Map size
Medium (4 player)
Population
200
Speed
Normal
Resources
Standard
Victory
Conquest
Starting age
Dark Age
Ending age
Imperial Age
RankedLock teamsTeams togetherTeam positionsShared explorationLock speedFull tech treeHidden civsTurbo modeCheats
Victory
Defeat
🇦🇷 Saracens · Argentina
991
+13
🇦🇷 Byzantines · Argentina
989
+13
🇪🇸 Franks · Spain
938
-13
🇪🇸 Spanish · Spain
922
-13
Natamoko
7:19 Loom
9:39 Feudal Age
10:17 Double-Bit Axe
20:24 Castle Age
18:56 Horse Collar
18:49 Man-at-Arms
19:18 Arson
20:57 Wheelbarrow
21:06 Gambesons
20:47 Long Swordsman
21:13 Gambesons
22:00 Forging
22:03 Heavy Plow
22:16 Bow Saw
23:58 Iron Casting
26:16 Scale Mail Armor
26:44 Squires
28:10 Squires
28:43 Chain Mail Armor
28:42 Fletching
31:37 Wheelbarrow
31:53 Husbandry
33:04 Bodkin Arrow
33:09 Padded Archer Armor
33:50 Town Watch
34:21 Hand Cart
35:25 Bloodlines
35:25 Scale Barding Armor
35:22 Padded Archer Armor
35:25 Town Patrol
37:17 Chain Barding Armor
37:14 Leather Archer Armor
43:58 Imperial Age
44:39 Cavalier
46:13 Ballistics
45:40 Arrowslits
46:37 Two-Handed Swordsman
49:06 Chemistry
48:24 Champion
49:30 Light Cavalry
52:08 Conscription
53:09 Blast Furnace
52:09 Bracer
52:41 Plate Mail Armor
52:14 Gold Mining
52:14 Stone Mining
Dieguetón
5:08 Loom
12:11 Feudal Age
15:06 Double-Bit Axe
16:38 Forging
16:39 Town Watch
22:06 Castle Age
24:00 Husbandry
24:03 Gold Mining
24:46 Bow Saw
28:11 Wheelbarrow
30:07 Fletching
30:53 Iron Casting
29:46 Pikeman
31:46 Bodkin Arrow
33:10 Scale Barding Armor
34:35 Squires
34:52 Padded Archer Armor
35:15 Chain Barding Armor
35:48 Hand Cart
35:36 Town Patrol
37:43 Scale Mail Armor
42:25 Imperial Age
43:59 Conscription
45:29 Stone Mining
45:29 Cavalier
53:17 Paladin
Tobianot
8:35 Loom
11:25 Feudal Age
12:19 Loom
19:10 Castle Age
18:50 Forging
21:08 Scale Barding Armor
22:13 Bloodlines
27:24 Wheelbarrow
27:52 Town Watch
30:10 Horse Collar
31:13 Redemption
31:27 Gold Mining
35:19 Imperial Age
33:06 Fletching
34:39 Bodkin Arrow
36:37 Ballistics
36:24 Elite Mameluke
39:19 Chemistry
45:36 Gold Shaft Mining
46:08 Chain Barding Armor
45:56 Husbandry
46:29 Siege Engineers
47:42 Plate Barding Armor
47:12 Heavy Camel Rider
48:13 Hand Cart
48:41 Iron Casting
Larichi
9:44 Feudal Age
8:00 Loom
10:32 Double-Bit Axe
21:25 Castle Age
19:40 Forging
21:56 Pikeman
24:02 Bow Saw
24:11 Stone Mining
24:57 Crossbowman
25:43 Stone Mining
25:46 Gold Mining
28:11 Fletching
29:10 Scale Barding Armor
31:23 Horse Collar
33:14 Bodkin Arrow
34:52 Thumb Ring
35:55 Husbandry
40:10 Imperial Age
38:21 Wheelbarrow
39:28 Elite Skirmisher
41:11 Heavy Camel Rider
44:26 Chain Barding Armor
51:01 Chemistry
Connection lost

Rejoining the realm…

Still unreachable

The connection could not be restored.

Session expired

The server has moved on; the page needs a fresh start.